 Dungeon Crawl Stone Soup version 0.30-a0-377-g5cb311bc9f (webtiles) character file.

Game seed: 10723845571483337741

1220 sanka the Cleaver (level 8, -9/61 HPs)
             Began as a Ghoul Gladiator on Nov 27, 2022.
             Killed from afar by Eustachio (20 damage)
             ... with a bolt of light
             ... on level 5 of the Dungeon.
             The game lasted 00:07:27 (4354 turns).

sanka the Cleaver (Ghoul Gladiator)                 Turns: 4354, Time: 00:07:27

Health: -9/61      AC:  9    Str: 26    XL:     8   Next: 47%
Magic:  7/7        EV: 15    Int:  3    God:
Gold:   37         SH:  0    Dex: 10    Spells: 7/7 levels left

rFire   . . .      SeeInvis .    a - +0 war axe
rCold   + . .      Faith    .    (no shield)
rNeg    + + +      Spirit   .    u - +0 ring mail
rPois   ∞          Reflect  .    x - +2 helmet
rElec   .          Harm     .    s - +0 cloak
rCorr   .          Rampage  .    (no gloves)
Will    .....                    (no boots)
Stlth   ..........               (no amulet)
HPRegen 0.00/turn                n - +6 ring of strength
MPRegen 0.10/turn                z - +4 ring of evasion

@: inhibited regen
A: claws 1, cold resistance 1, negative energy resistance 3, inhibited
regeneration, torment resistance 2, devour on kill
a: no special abilities


You were on level 5 of the Dungeon.
You visited 1 branch of the dungeon, and saw 5 of its levels.
You also visited: Ossuary.

You collected 334 gold pieces.
You spent 297 gold pieces at shops.


Innate Abilities, Weirdness & Mutations

You are immune to poison.
You have sharp fingernails.
Your flesh is cold resistant. (rC+)
You are immune to negative energy. (rN+++)
You do not regenerate when monsters are visible.
You are immune to unholy pain and torment.
You thrive by killing the living.


   Skills:
 - Level 2.1 Fighting
 + Level 9.5 Axes
 - Level 1.7 Throwing
 - Level 2.6 Dodging


You had 7 spell levels left.
You didn't know any spells.
Your spell library contained the following spells:

 Spells                   Type           Power      Damage    Failure   Level
 Leda's Liquefaction      Hex/Erth       0%         N/A       100%        4
 Lee's Rapid Deconstruct  Erth           0%         3d4*      100%        5
 Statue Form              Tmut/Erth      Unusable   N/A       N/A         6

Inventory:

Hand Weapons
 a - a +0 war axe (weapon)
 c - a +2 long sword of flaming
Missiles
 d - a throwing net (quivered) {=f}
 e - a javelin
 v - 6 boomerangs
Armour
 s - a +0 cloak (worn)
 u - a +0 ring mail (worn)
 x - a +2 helmet (worn)
 G - a scarf of shadows
Magical Staves
 F - a staff of earth
 H - a staff of poison
Jewellery
 n - a +6 ring of strength (left claw)
 z - a +4 ring of evasion (right claw)
Wands
 l - a wand of digging (10)
Scrolls
 i - 4 scrolls of blinking
 k - 2 scrolls of vulnerability {!r}
 o - 3 scrolls of teleportation {@r4}
 q - a scroll of fear {unknown}
 t - 2 scrolls of summoning
 y - a scroll of magic mapping
 A - a scroll of noise {!r}
 B - a scroll of poison
 D - a scroll of enchant armour
Potions
 b - a potion of attraction {unknown}
 f - a potion of brilliance {unknown}
 g - 2 potions of ambrosia {unknown}
 h - 4 potions of curing {@q1}
 j - a potion of lignification {unknown}
 m - 2 potions of degeneration {unknown}
 p - a potion of invisibility {unknown}
 r - 5 potions of heal wounds {@q2}
 w - a potion of berserk rage {unknown}
 C - 2 potions of experience {unknown}
 E - a potion of flight {unknown}

Dungeon Overview and Level Annotations

Branches:
Dungeon (5/15)            Ossuary (visited)
 Temple: D:4-7

Altars:
Vehumet

Shops:
D:3 *   D:4 ([!!(

Annotations:
D:3 1 runed translucent door, Crazy Yiuf
D:5 3 runed translucent doors, Eustachio; dweek's ghost, amateur TrFi; epen's ghost, amateur GnAE

▒ ▒▒≈≈≈#..#≈##▒▒ ▒.>▒▒▒.▒
▒▒▒▒▒▒▒#####..#≈≈#≈▒▒ ▒..
▒▒..
....▒▒≈≈###≈..≈#≈#≈≈▒▒
▒.......
▒▒▒▒▒≈≈##≈#≈.##≈≈#≈≈#▒▒
▒..▒▒▒▒.
▒≈≈≈≈≈#≈#..≈≈≈#≈≈##▒ .
... ▒≈≈#≈≈≈≈#..≈≈##≈###▒
▒▒..
▒▒▒▒≈≈≈###≈≈..###≈≈≈≈≈▒▒.
▒..
...'..#.....≈#.r#.....'..
▒..
▒▒.'........≈#r@n.....'.▒
▒..
▒.▒#≈≈≈≈#≈≈.5#≈≈≈#≈≈≈▒▒▒
▒.▒≈≈≈≈≈##≈..#≈≈≈##≈≈▒
▒.▒##≈##≈≈#..≈≈≈#≈≈≈≈▒
▒.▒▒≈≈≈#≈#≈..≈≈#≈≈≈≈▒▒
▒.▒▒▒≈≈≈###..#≈≈###▒▒ ▒.▒
▒▒≈≈#≈#..≈≈###▒▒ ▒.▒
▒▒≈≈#≈#.#≈##▒▒


You could see Eustachio, a river rat (summoned), a shadow imp (summoned) and a
quokka (summoned).


Message History

* * * LOW HITPOINT WARNING * * *
The quokka bites you but does no damage.
Unknown command.
You hit Eustachio.
Eustachio is almost dead.
You closely miss the quokka. The quokka barely misses you.
Eustachio zaps a wand.
The bolt of light hits you!
* * * LOW HITPOINT WARNING * * *
Unknown command.
You closely miss Eustachio.
Eustachio is almost dead.
You hit the quokka but do no damage.
The quokka bites you but does no damage.
Eustachio gestures wildly while chanting.
Unknown command.
You miss Eustachio.
Eustachio is almost dead.
You closely miss the quokka. The quokka closely misses you.
Eustachio hits you but does no damage.
Unknown command.
You barely miss Eustachio.
Eustachio is almost dead.
You barely miss the quokka. The quokka completely misses you.
Eustachio zaps a wand.
The bolt of light hits you!!
You die...

Action                   |  1- 3 |  4- 6 |  7- 9 || total
-------------------------+-------+-------+-------++-------
Melee: War axe           |    66 |   161 |   139 ||   366
       Punch             |     1 |     1 |       ||     2
Throw: Throwing net      |       |     1 |     1 ||     2
  Use: Scroll            |       |       |     7 ||     7
 Stab: Held in net/web   |       |     1 |       ||     1
Armor: Leather armour    |    23 |    13 |       ||    36
       Ring mail         |       |    49 |    52 ||   101
Dodge: Dodged            |    48 |   106 |   131 ||   285

Levels and vault maps discovered:
D:1:      kilobyte_arrival_exit_the_forest, layout_loops_ring, hex_large,
          minmay_misc_feat_four_crosses, kennysheep_boxes
D:2:      layout_loops_ring, hellmonk_ecumenical_altar_leap_of_faith,
          roderic_serpentine_path, uniq_jessica
D:3:      layout_loops_ring, serial_shops, nicolae_shop_hallway_plus,
          minmay_liquid_box, corexii_item_surrounded_by_moat,
          uniq_crazy_yiuf_cottage, uniq_natasha
D:4:      layout_basic, nicolae_vehumet_radiance,
          nicolae_overflow_hidden_temple, serial_shops, shop,
          kennysheep_little_box, shop, shop, nicolae_shop_hallway_plus,
          minmay_bisected, uniq_grinder
D:5:      kennysheep_big_flooded_room, layout_loops_ring,
          mainiacjoe_overflow_concentric_impassable, gammafunk_ghost_cemetery,
          enter_ossuary_2, uniq_eustachio

Notes
Turn   | Place    | Note
-------+----------+-------------------------------------------
     0 | D:1      | sanka the Ghoul Gladiator began the quest for the Orb.
     0 | D:1      | Reached XP level 1. HP: 17/17 MP: 0/0
   118 | D:1      | Reached skill level 3 in Axes
   247 | D:1      | Reached XP level 2. HP: 23/24 MP: 1/1
   879 | D:2      | Reached XP level 3. HP: 28/29 MP: 2/2
  1002 | D:2      | Reached skill level 4 in Axes
  1091 | D:2      | Noticed Jessica
  1099 | D:2      | Killed Jessica
  1100 | D:2      | Reached XP level 4. HP: 27/36 MP: 3/3
  1622 | D:2      | Found a faded altar of an unknown god.
  1906 | D:3      | Noticed Natasha
  1913 | D:3      | Killed Natasha
  1920 | D:3      | Reached skill level 5 in Axes
  1993 | D:3      | Found Nuczyhus's General Store.
  1998 | D:3      | Bought a +2 helmet for 181 gold pieces
  1998 | D:3      | Bought a scroll of teleportation for 33 gold pieces
  2069 | D:3      | Reached XP level 5. HP: 38/41 MP: 4/4
  2366 | D:3      | Found a runed translucent door.
  2367 | D:3      | Noticed Crazy Yiuf
  2458 | D:3      | Noticed Natasha
  2467 | D:3      | Killed Natasha
  2588 | D:3      | Noticed Natasha
  2593 | D:3      | Killed Natasha
  2665 | D:4      | Found Zidgh's Weapon Emporium.
  2734 | D:4      | Found Zaen's Distillery.
  2738 | D:4      | Bought a potion of curing for 33 gold pieces
  2791 | D:4      | Reached skill level 6 in Axes
  2791 | D:4      | Reached XP level 6. HP: 43/48 MP: 5/5
  2811 | D:4      | Found a radiant altar of Vehumet.
  3001 | D:4      | Found Zumm's Distillery.
  3048 | D:4      | Found Pipsoe's Antique Weapon Shop.
  3144 | D:4      | Noticed Grinder
  3174 | D:4      | Killed Grinder
  3175 | D:4      | Reached skill level 7 in Axes
  3175 | D:4      | Reached XP level 7. HP: 40/55 MP: 6/6
  3368 | D:4      | Found Vidasouz's Armour Emporium.
  3434 | D:5      | Entered Level 5 of the Dungeon
  3434 | D:5      | Found a runed translucent gate.
  3434 | D:5      | Found a runed translucent gate.
  3442 | D:5      | Found a runed translucent gate.
  3456 | D:5      | Noticed dweek's ghost (amateur TrFi)
  3456 | D:5      | Noticed epen's ghost (amateur GnAE)
  3468 | D:5      | Found a sand-covered staircase.
  3490 | Ossuary  | Entered an ossuary
  3697 | Ossuary  | Reached skill level 8 in Axes
  3852 | D:5      | Reached XP level 8. HP: 61/61 MP: 7/7
  4097 | D:4      | Bought a potion of heal wounds for 50 gold pieces
  4143 | D:5      | Noticed a yak
  4162 | D:5      | Killed a yak
  4163 | D:5      | Reached skill level 9 in Axes
  4327 | D:5      | Noticed Eustachio
  4354 | D:5      | Killed from afar by Eustachio

Vanquished Creatures
  Grinder (D:4)
  A yak (D:5)
  2 ogres (D:5)
  An orc warrior (D:5)
  5 centaur zombies (Ossuary)
  2 jellies (D:4)
  An orc priest (D:4)
  Jessica (D:2)
  2 iguanas
  2 orc wizards (D:5)
  Natasha (thrice) (D:3)
  4 mummies (Ossuary)
  3 adders
  An ufetubus (D:5)
  A worm (D:3)
  2 dart slugs
  10 orcs
  6 bats
  4 endoplasms
  A giant cockroach (D:2)
  9 goblins
  10 hobgoblins
  2 jackals (D:4)
  2 quokkas
  6 ball pythons
  3 frilled lizards
  4 hobgoblin zombies (Ossuary)
  5 kobolds
  7 rats
101 creatures vanquished.

Vanquished Creatures (others)
  6 withered plants (D:5)
6 creatures vanquished.

Grand Total: 107 creatures vanquished
